 Dungeon Crawl Stone Soup version 0.31-a0-207-g184df878d8 (webtiles) character file.

Game seed: 12775392313518126948

158513 AvylaarBelgium the Eclecticist (level 16, -8/95 (97) HPs)
             Began as a Deep Elf Conjurer on June 27, 2023.
             Was the Champion of Vehumet.
             Mangled by a ghost moth (13 damage)
             ... on level 2 of the Spider Nest on June 28, 2023.
             The game lasted 01:52:10 (20521 turns).

AvylaarBelgium the Eclecticist (Deep Elf Conjurer) Turns: 20521, Time: 01:52:11

HP:   -8/95 (97)    AC:  0    Str:  4      XL:     16   Next: 87%
MP:   4/41          EV: 11    Int: 38      God:    Vehumet [******]
Gold: 1817          SH:  7    Dex:  6 (7)  Spells: 17/53 levels left

rFire   + . .        Q - staff of cold
rCold   + . .        W - +2 buckler {rN+}
rNeg    + . .        Z - +3 leather armour of Gestures {rPois Int+6 Dex-4 SInv}
rPois   +            J - +0 helmet
rElec   .            s - +0 cloak
rCorr   .            (no gloves)
SInv    +            y - +0 pair of boots
Will    +....        R - amulet of magic regeneration
Stlth   +            g - ring of flight
HPRegen 0.35/turn    C - ring of protection from fire
MPRegen 0.67/turn

%: no passive effects
@: corroded, flying, lightly drained
A: clumsy 1, shaggy fur 1
}: 1/15 runes: decaying
a: Renounce Religion


You were on level 2 of the Spider Nest.
You worshipped Vehumet.
Vehumet was exalted by your worship.
You visited 5 branches of the dungeon, and saw 22 of its levels.
You also visited: Ice Cave.

You collected 1817 gold pieces.

Inventory:

Hand Weapons
 h - the +8 arbalest of Wuabouc {flame, rElec rC++ Will-}
   (You found it on level 5 of the Lair of Beasts)

   rC:        It greatly protects you from cold.
   rElec:     It insulates you from electricity.
   Will:      It decreases your willpower.
Missiles
 B - 3 throwing nets
Armour
 s - a +0 cloak (worn)
 y - a +0 pair of boots (worn)
 J - a +0 helmet (worn)
 P - a +0 kite shield
 U - a +2 robe of willpower
 V - the +4 Cigotuvi's embrace {Corpsefed rMiasma Drain rN+}
   (You found it on level 5 of the Lair of Beasts)

   Corpsefed: It gathers nearby corpses to temporarily increase the armour it
   provides.
   rMiasma:   It protects you from foul pestilence.
   rN:        It protects you from negative energy.
   Drain:     It drains your maximum health when unequipped.
 W - a +2 buckler of positive energy (worn)
 Z - the +3 leather armour of Gestures (worn) {rPois Int+6 Dex-4 SInv}
   (You took it off a meliai on level 2 of the Lair of Beasts)

   Int:       It affects your intelligence (+6).
   Dex:       It affects your dexterity (-4).
   rPois:     It protects you from poison.
   SInv:      It lets you see invisible.
Magical Staves
 r - a staff of conjuration
 Q - a staff of cold (weapon)
Jewellery
 a - a ring of resist corrosion
 b - the ring of Ascent {+Blink MP+9 Int-3 Dex+5}
   (You found it in an ice cave)

   [ring of magical power]

   Int:       It affects your intelligence (-3).
   Dex:       It affects your dexterity (+5).
   MP:        It affects your magic capacity (+9).
   +Blink:    It lets you blink.
 g - a ring of flight (left hand)
 p - an amulet of the acrobat
 q - a ring of wizardry
 C - a ring of protection from fire (right hand)
 H - the ring "Bier" {rElec rN+++ Str-2 Dex+6}
   (You found it in an ice cave)

   [ring of dexterity]

   Str:       It affects your strength (-2).
   Dex:       It affects your dexterity (+6).
   rElec:     It insulates you from electricity.
   rN:        It renders you almost immune to negative energy.
 R - an amulet of magic regeneration (around neck)
Wands
 i - a wand of digging (14)
 t - a wand of quicksilver (9)
 u - a wand of roots (24)
 E - a wand of mindburst (14)
 N - a wand of polymorph (11)
 O - a wand of paralysis (28)
Scrolls
 c - a scroll of summoning {unknown}
 d - 2 scrolls of silence {unknown}
 e - 4 scrolls of enchant weapon {unknown}
 f - 2 scrolls of enchant armour
 j - 9 scrolls of immolation
 m - a scroll of fog {unknown}
 n - 2 scrolls of amnesia
 A - a scroll of noise {unknown}
 D - 2 scrolls of teleportation
 K - 2 scrolls of revelation {unknown}
 L - a scroll of blinking {unknown}
 X - 5 scrolls of torment
 Y - 2 scrolls of poison
Potions
 k - 4 potions of invisibility {unknown}
 l - 5 potions of attraction
 o - 3 potions of resistance
 w - 3 potions of haste
 x - 4 potions of lignification {unknown}
 z - 2 potions of curing {unknown}
 F - 2 potions of ambrosia
 M - a potion of mutation
 S - 3 potions of enlightenment {unknown}
 T - 2 potions of cancellation
Miscellaneous
 G - a phial of floods


   Skills:
 + Level 10.1 Fighting
 - Level 5.2 Armour
 + Level 10.5 Dodging
 - Level 2.4 Stealth
 - Level 8.5 Shields
 + Level 19.1 Spellcasting
 + Level 16.5 Conjurations
 - Level 4.1 Hexes
 + Level 12.2 Ice Magic
 - Level 9.5 Earth Magic


You had 17 spell levels left.
You knew the following spells:

 Your Spells              Type           Power      Damage    Failure   Level
a - Magic Dart            Conj           100%       1d8       0%          1
b - Searing Ray           Conj           100%       2d8       0%          2
c - Fulminant Prism       Conj/Hex       43%        3d19      1%          4
d - Iskenderun's Mystic   Conj/Tloc      78%        2d16      1%          4
e - Hailstorm             Conj/Ice       100%       3d20      0%          3
f - Sandblast             Erth           100%       2d20      1%          1
g - Airstrike             Air            18%        2d(3-19)  6%          4
h - Lee's Rapid Deconstr  Erth           41%        3d20*     1%          5
i - Stone Arrow           Conj/Erth      100%       3d13      1%          3
j - Ozocubu's Refrigerat  Ice            57%        4d20      3%          7
x - Blink                 Tloc           72%        N/A       3%          2

Your spell library contained the following spells:

 Spells                   Type           Power      Damage    Failure   Level
 Freezing Cloud           Conj/Ice/Air   52%        6-21      1%          5
 Freeze                   Ice            100%       1d10      0%          1
 Momentum Strike          Conj/Tloc      100%       3d10      1%          2
 Passwall                 Tmut/Erth      53%        N/A       1%          2
 Dazzling Flash           Conj/Hex       100%       N/A       1%          3
 Frozen Ramparts          Ice            100%       1d16      1%          3
 Mephitic Cloud           Conj/Pois/Air  67%        N/A       1%          3
 Ozocubu's Armour         Ice            100%       N/A       1%          3
 Tukima's Dance           Hex            61%        N/A       1%          3
 Ice Form                 Ice/Tmut       90%        N/A       1%          4
 Portal Projectile        Hex/Tloc       100%       N/A       2%          3
 Call Imp                 Summ           72%        N/A       3%          2
 Lesser Beckoning         Tloc           72%        N/A       3%          2
 Cause Fear               Hex            30%        N/A       4%          4
 Gell's Gravitas          Tloc           36%        N/A       6%          3
 Teleport Other           Tloc           36%        N/A       6%          3
 Anguish                  Hex/Necr       25%        N/A       9%          4
 Silence                  Hex/Air        25%        N/A       26%         5
 Simulacrum               Ice/Necr       45%        N/A       26%         6
 Agony                    Necr           36%        N/A       52%         5
 Blade Hands              Tmut           18%        N/A       52%         5
 Enfeeble                 Hex            30%        N/A       98%         7


Dungeon Overview and Level Annotations

Branches:
Dungeon (10/15)            Temple (1/1) D:4            Lair (5/5) D:10
  Swamp (4/4) Lair:3       Spider (2/4) Lair:2        Slime (0/5) Lair:4
  IceCv (visited)
    Orc: D:9-12

Altars:
Ashenzari
Cheibriados
Dithmenos
Elyvilon
Fedhas
Gozag
Hepliaklqana
Kikubaaqudgha
Makhleb
Nemelex Xobeh
Okawaru
Qazlal
Ru
Sif Muna
Trog
Uskayaw
Vehumet
Wu Jian
Xom
Yredelemnul
Zin
The Shining One
Jiyva

Shops:
D:7 (   D:9 (

Annotations:
D:1 exclusion: 2 downstairs
D:2 Terence
Lair:3 exclusion: downstairs
Lair:4 exclusion: downstairs
Swamp:1 exclusion: 2 downstairs
Swamp:3 exclusion: downstairs
Swamp:4 2 transporters, dcssisdead's ghost, adept DgGl


Innate Abilities, Weirdness & Mutations

You are clumsy. (Dex -2)
You are covered in fur. (AC +1)


Message History

The ghost moth stares at you.
You feel your power leaking away.
Unknown command.
Unknown command.
Okay, then.
Unknown command.
Unknown command.
Casting: Iskenderun's Mystic Blast (safe; 1% risk of failure)
Confirm with . or Enter, or press ? or * to list all spells.
Okay, then.
Unknown command.
Okay, then.
Okay, then.
Unknown command.
Unknown command.
Welcome back, AvylaarBelgium the Deep Elf Conjurer.
Vehumet says: Let it end in hellfire!
Press ? for a list of commands and other information.
As you read the scroll of fear, it crumbles to dust.
You assume a fearsome visage.
The culicivora looks frightened!
The tarantella looks frightened!
The tarantella's many legs skitter faintly.
The ghost moth looks frightened!
Unknown command.
Cornered, the tarantella turns to fight!
The ghost moth seems to regain its courage.
The ghost moth stares at you.
You feel your power leaking away. The ghost moth stares at you.
You feel your power leaking away.
The ghost moth attacks as you move away!
The ghost moth hits you! You block the ghost moth's attack.
The ghost moth stings you!
You feel clumsy. The ghost moth hits you!!
* * * LOW HITPOINT WARNING * * *
The ghost moth hits you.
* * * LOW HITPOINT WARNING * * *
The ghost moth stings you!
You die...

#....!###..## #######
#..# #..# #..# ##.##
#######..#####
#......s###..######
...##.#.y.........##
###..@.........#
#...>.........##
#..............##
#...............##
#...............[####
#...................#
#...........###.###.#
###........^# #/# #..
##......^.###.###.#


You could see a ghost moth (invisible) and a tarantella.

Vanquished Creatures
  Bai Suzhen (Swamp:3)
  A golden dragon (IceCv)
  3 tentacled monstrosities (Swamp:4)
  An azure jelly (Spider:2)
  Kirke (Swamp:2)
  4 fenstrider witches (Swamp:4)
  A thorn hunter (Swamp:4)
  An emperor scorpion (Spider:2)
  A reaper (Swamp:4)
  A ghoul (Swamp:4)
  3 eleionomae
  5 bunyips
  5 dire elephants (Lair:5)
  Josephine (Lair:3)
  A shambling mangrove (Swamp:4)
  A green death (Swamp:4)
  12 hydras
  Erolcha (D:9)
  A ghost crab (Swamp:4)
  5 ice dragons (IceCv)
  3 ogre magi
  A rakshasa (D:10)
  Erica (D:8)
  A catoblepas (Lair:5)
  An anaconda (Lair:5)
  A spriggan air mage (Swamp:4)
  A boulder beetle (Spider:2)
  6 alligators
  2 two-headed ogres
  A tengu warrior (D:10)
  A death yak (Lair:5)
  2 spriggan berserkers (Swamp:4)
  A demonic crawler (Spider:2)
  2 soul eaters (Swamp:4)
  3 skysharks
  A pharaoh ant (Spider:2)
  6 spriggan druids
  A spectral anaconda (Lair:5)
  2 death drakes (Swamp:4)
  6 goliath frogs
  An orb spider (Spider:2)
  4 swamp dragons
  3 wizards (Swamp:4)
  5 bog bodies
  A lindwurm (Lair:5)
  An obsidian statue (Lair:5)
  An orange crystal statue (IceCv)
  6 wolf spider zombies (Spider:1)
  5 necromancers
  A steelbarb worm (Spider:2)
  A deep elf zephyrmancer (Swamp:4)
  2 wolf spiders (Spider:2)
  2 orc sorcerers (Swamp:4)
  6 will-o-the-wisps
  A moth of wrath (Swamp:4)
  22 elephants
  9 black mambas
  Joseph (D:8)
  3 torpor snails (Lair:5)
  An orange demon (Swamp:4)
  6 rime drakes
  19 cane toads
  8 storm dragon simulacra (IceCv)
  5 komodo dragons
  5 redback zombies (Spider:1)
  2 freezing wraiths (Spider:2)
  7 golden dragon simulacra (IceCv)
  2 bloated husks
  8 tyrant leeches
  12 hornets
  Grinder (D:6)
  2 hellwings (Swamp:4)
  3 polar bears
  A tarantella (Spider:2)
  7 meliai (Lair:2)
  A queen bee (Lair:2)
  11 blink frogs
  7 tarantella zombies (Spider:1)
  Prince Ribbit (D:6)
  2 spectral elephants (Lair:5)
  7 culicivora zombies (Spider:1)
  11 dream sheep (Lair:5)
  Sigmund (D:3)
  5 jumping spiders (Spider:2)
  5 culicivoras
  6 wraiths
  3 wyverns
  11 spriggans
  A dire elephant simulacrum (Lair:5)
  Grum (Lair:1)
  4 basilisks
  34 yaks
  2 humans (Swamp:2)
  2 death yak simulacra (Lair:5)
  A steam dragon (D:9)
  A chaos spawn (Swamp:4)
  2 neqoxecs (Swamp:4)
  14 vampire mosquitoes
  8 swamp worms
  18 water moccasins
  3 swamp drakes
  An ice beast (D:6)
  3 orc warriors
  2 sky beasts
  7 black bears
  3 ice dragon simulacra (IceCv)
  2 centaurs
  An elephant zombie (Lair:5)
  17 wolves
  A phantom (D:5)
  2 elephant skeletons (Lair:5)
  2 kobold brigands
  16 bullfrogs
  A gnoll sergeant (D:7)
  A cane toad simulacrum (Lair:5)
  5 scorpions
  3 wights (D:6)
  26 killer bees
  3 electric eels
  3 lindwurm simulacra (IceCv)
  5 howler monkeys
  2 jellies
  A hound (D:6)
  3 orc priests
  3 gnoll boudas
  2 sleepcaps
  Natasha (D:3)
  8 iguanas
  10 orc wizards
  6 hell rats
  23 gnolls
  6 adders
  A shadow imp (D:6)
  2 white imps
  2 ufetubi (D:6)
  3 worms
  2 dart slugs
  29 orcs
  4 bats
  7 endoplasms
  7 giant cockroaches
  13 hobgoblins
  8 jackals
  3 quokkas
  7 ball pythons
  4 frilled lizards
  10 goblins
  17 kobolds
  3 rats
  4 fulminant prisms
714 creatures vanquished.

Vanquished Creatures (others)
  A ghost crab (Swamp:2)
  A human (Swamp:2)
  24 foxfires
  468 fulminant prisms
494 creatures vanquished.

Grand Total: 1208 creatures vanquished

Notes
Turn   | Place    | Note
-------+----------+-------------------------------------------
     0 | D:1      | AvylaarBelgium the Deep Elf Conjurer began the quest for
                  | the Orb.
     0 | D:1      | Reached XP level 1. HP: 10/10 MP: 6/6
   201 | D:1      | Reached XP level 2. HP: 14/15 MP: 0/8
   593 | D:1      | Found a faded altar of an unknown god.
   727 | D:1      | Reached skill level 4 in Spellcasting
   744 | D:1      | Reached skill level 5 in Conjurations
   915 | D:2      | Reached XP level 3. HP: 19/19 MP: 8/10
   937 | D:2      | Noticed Terence
  1017 | D:1      | Learned a level 2 spell: Searing Ray
  1445 | D:3      | Noticed Sigmund
  1627 | D:2      | Reached XP level 4. HP: 24/24 MP: 2/12
  2071 | D:4      | Reached skill level 5 in Spellcasting
  2178 | D:4      | Reached XP level 5. HP: 28/28 MP: 3/14
  2277 | D:4      | Found a staircase to the Ecumenical Temple.
  2296 | Temple   | Entered the Ecumenical Temple
  2368 | Temple   | Became a worshipper of Vehumet
  2480 | D:4      | Reached skill level 6 in Spellcasting
  2646 | D:4      | Found a snail-covered altar of Cheibriados.
  2885 | D:5      | Entered Level 5 of the Dungeon
  2891 | D:5      | Learned a level 4 spell: Fulminant Prism
  2902 | D:5      | Reached XP level 6. HP: 32/32 MP: 11/17
  3219 | D:5      | Noticed a sky beast
  3227 | D:5      | Killed a sky beast
  3228 | D:5      | Reached skill level 7 in Spellcasting
  3313 | D:5      | Reached XP level 7. HP: 17/36 MP: 6/20
  3373 | D:5      | Learned a level 4 spell: Iskenderun's Mystic Blast
  3377 | D:5      | Learned a level 3 spell: Hailstorm
  3418 | D:5      | Found a blossoming altar of Fedhas.
  3457 | D:5      | Reached skill level 8 in Spellcasting
  3476 | D:5      | Found a basalt altar of Yredelemnul.
  3519 | D:5      | Reached * piety under Vehumet
  3519 | D:5      | Offered knowledge of Sandblast by Vehumet.
  3853 | D:5      | Found an ancient bone altar of Kikubaaqudgha.
  3955 | D:2      | Learned a level 1 spell: Sandblast
  4076 | D:2      | Reached skill level 9 in Spellcasting
  4309 | D:3      | Killed Sigmund
  4310 | D:3      | Reached XP level 8. HP: 41/41 MP: 16/23
  4328 | D:3      | You fall into a shaft and drop 2 floors!
  4398 | D:3      | Noticed Natasha
  4404 | D:3      | Killed Natasha
  4633 | D:6      | Found an iron altar of Okawaru.
  4657 | D:6      | Noticed Grinder
  4670 | D:6      | Killed Grinder
  4671 | D:6      | Reached skill level 10 in Spellcasting
  4830 | D:6      | Found a glowing golden altar of the Shining One.
  4877 | D:6      | Noticed Prince Ribbit
  4924 | D:6      | Killed Prince Ribbit
  4925 | D:6      | Reached skill level 11 in Spellcasting
  4925 | D:6      | Reached skill level 10 in Conjurations
  5054 | D:6      | Reached XP level 9. HP: 45/45 MP: 18/26
  5174 | D:6      | Reached ** piety under Vehumet
  5313 | D:7      | Offered knowledge of Shock by Vehumet.
  5326 | D:7      | Reached skill level 1 in Hexes
  5431 | D:7      | Learned a level 2 spell: Blink
  5825 | D:7      | Reached skill level 1 in Ice Magic
  5825 | D:7      | Reached skill level 1 in Earth Magic
  5828 | D:7      | Found Buih's Antique Weapon Boutique.
  6185 | D:8      | Noticed Joseph
  6231 | D:8      | Killed Joseph
  6232 | D:8      | Reached skill level 12 in Spellcasting
  6521 | D:8      | Noticed Erica
  6533 | D:8      | Killed Erica
  6977 | D:8      | Offered knowledge of Poisonous Vapours by Vehumet.
  7148 | D:9      | Noticed a two-headed ogre
  7152 | D:9      | Reached skill level 1 in Shields
  7152 | D:9      | Reached XP level 10. HP: 51/51 MP: 18/28
  7157 | D:9      | Reached skill level 1 in Fighting
  7162 | D:9      | Killed a two-headed ogre
  7462 | D:9      | Reached *** piety under Vehumet
  7581 | D:9      | Noticed Erolcha
  7594 | D:9      | Killed Erolcha
  7594 | D:9      | Offered knowledge of Ignite Poison by Vehumet.
  7595 | D:9      | Reached skill level 13 in Spellcasting
  7621 | D:9      | Found Takhlein's Weapon Shop.
  7636 | D:9      | Found a stormy altar of Qazlal.
  7856 | D:9      | Found a shimmering blue altar of Sif Muna.
  7989 | D:10     | Entered Level 10 of the Dungeon
  8008 | D:10     | Noticed a two-headed ogre
  8016 | D:10     | Killed a two-headed ogre
  8017 | D:10     | Reached skill level 5 in Ice Magic
  8030 | D:10     | Reached XP level 11. HP: 55/60 MP: 11/30
  8114 | D:10     | Reached **** piety under Vehumet
  8121 | D:10     | Offered knowledge of Inner Flame by Vehumet.
  8124 | D:10     | Reached skill level 5 in Shields
  8131 | D:10     | Noticed a rakshasa
  8146 | D:10     | Killed a rakshasa
  8163 | D:10     | Noticed a tengu warrior
  8176 | D:10     | Killed a tengu warrior
  8240 | D:10     | Noticed an ogre mage
  8249 | D:10     | Killed an ogre mage
  8272 | D:10     | Found a sacrificial altar of Ru.
  8298 | D:10     | Noticed a four-headed hydra
  8314 | D:10     | Killed a four-headed hydra
  8392 | D:10     | Noticed a great orb of eyes
  8395 | D:10     | Found a staircase to the Lair.
  8409 | Lair:1   | Entered Level 1 of the Lair of Beasts
  8416 | Lair:1   | Noticed Grum
  8424 | Lair:1   | Killed Grum
  8628 | Lair:1   | Reached skill level 14 in Spellcasting
  9131 | Lair:1   | Reached XP level 12. HP: 67/67 MP: 26/32
  9440 | Lair:2   | Reached ***** piety under Vehumet
  9440 | Lair:2   | Offered knowledge of Airstrike by Vehumet.
  9481 | Lair:2   | Identified the +3 leather armour of Gestures {rPois Int+6
                  | Dex-4 SInv}
  9497 | Lair:2   | Gained mutation: Armour fits poorly on your strangely
                  | shaped body. [potion of mutation]
  9497 | Lair:2   | Gained mutation: Your body sometimes deteriorates upon
                  | taking damage. [potion of mutation]
  9503 | Lair:2   | Reached skill level 5 in Fighting
  9923 | Lair:3   | Noticed a seven-headed hydra
  9933 | Lair:3   | Killed a seven-headed hydra
  9952 | Lair:3   | Noticed a seven-headed hydra
  9961 | Lair:3   | Killed a seven-headed hydra
 10019 | Lair:3   | Lost mutation: Armour fits poorly on your strangely shaped
                  | body. [potion of mutation]
 10019 | Lair:3   | Lost mutation: Your body sometimes deteriorates upon taking
                  | damage. [potion of mutation]
 10019 | Lair:3   | Gained mutation: You have an increased reservoir of magic.
                  | (+10% MP) [potion of mutation]
 10019 | Lair:3   | Gained mutation: You are clumsy. (Dex -2) [potion of
                  | mutation]
 10019 | Lair:3   | Gained mutation: You are covered in fur. (AC +1) [potion of
                  | mutation]
 10044 | Lair:3   | Found a staircase to the Swamp.
 10224 | Lair:3   | Noticed Josephine
 10234 | Lair:3   | Killed Josephine
 10235 | Lair:3   | Reached skill level 15 in Spellcasting
 10814 | Lair:2   | Reached XP level 13. HP: 74/74 MP: 29/37
 11009 | Lair:2   | Found a hole to the Spider Nest.
 11039 | Lair:2   | Reached skill level 1 in Armour
 11284 | Lair:2   | Learned a level 4 spell: Airstrike
 11363 | Lair:2   | Offered knowledge of Lee's Rapid Deconstruction by Vehumet.
 11554 | Lair:2   | Upgraded the game from 0.31-a0-202-g547052bce9 to
                  | 0.31-a0-207-g184df878d8
 12003 | Lair:4   | Found a viscous altar of Jiyva.
 12004 | Lair:4   | Found a staircase to the Slime Pits.
 12460 | Lair:4   | Learned a level 5 spell: Lee's Rapid Deconstruction
 12606 | Lair:5   | Entered Level 5 of the Lair of Beasts
 12673 | Lair:5   | Reached skill level 16 in Spellcasting
 12737 | Lair:5   | Reached skill level 5 in Armour
 12785 | Lair:5   | Reached XP level 14. HP: 81/82 MP: 14/39
 12890 | Lair:5   | Found the +4 Cigotuvi's embrace {Corpsefed rMiasma Drain
                  | rN+}
 13002 | Lair:5   | Reached skill level 5 in Earth Magic
 13055 | Lair:5   | Identified the +8 arbalest of Wuabouc {flame, rElec rC++
                  | Will-}
 13525 | Lair:5   | Offered knowledge of Ozocubu's Refrigeration by Vehumet.
 13544 | Lair:5   | Learned a level 3 spell: Stone Arrow
 13552 | Lair:5   | Learned a level 7 spell: Ozocubu's Refrigeration
 13870 | Lair:5   | Reached skill level 5 in Dodging
 14393 | Lair:5   | Reached skill level 17 in Spellcasting
 14503 | Swamp:1  | Entered Level 1 of the Swamp
 14880 | Swamp:1  | Reached XP level 15. HP: 73/88 MP: 33/41
 15139 | Swamp:2  | Reached skill level 15 in Conjurations
 15153 | Swamp:2  | Reached skill level 10 in Ice Magic
 15430 | Swamp:2  | Noticed Kirke
 15443 | Swamp:2  | Killed Kirke
 16259 | Swamp:3  | Reached ****** piety under Vehumet
 16680 | Swamp:3  | Noticed Bai Suzhen
 16715 | Swamp:3  | Killed Bai Suzhen
 16956 | Swamp:4  | Entered Level 4 of the Swamp
 17190 | Swamp:4  | Noticed dcssisdead's ghost (adept DgGl)
 17202 | Swamp:4  | Found a transporter.
 17265 | Swamp:4  | Found a transporter.
 17373 | Swamp:4  | Offered knowledge of Arcjolt by Vehumet.
 17375 | Swamp:4  | Noticed a thorn hunter
 17380 | Swamp:4  | Killed a thorn hunter
 17448 | Swamp:4  | Reached skill level 18 in Spellcasting
 17718 | Swamp:4  | Lost mutation: You have an increased reservoir of magic.
                  | (+10% MP) [a neqoxec]
 17832 | Swamp:4  | Noticed a fenstrider witch
 17832 | Swamp:4  | Paralysed by a fenstrider witch for 4 turns
 17868 | Swamp:4  | Killed a fenstrider witch
 17869 | Swamp:4  | Reached XP level 16. HP: 48/96 MP: 9/40
 18097 | Swamp:4  | Noticed a tentacled monstrosity
 18108 | Swamp:4  | Killed a tentacled monstrosity
 18203 | Swamp:4  | Noticed a tentacled monstrosity
 18203 | Swamp:4  | Noticed a tentacled monstrosity
 18253 | Swamp:4  | Killed a tentacled monstrosity
 18275 | Swamp:4  | Paralysed by a fenstrider witch for 2 turns
 18282 | Swamp:4  | Paralysed by a fenstrider witch for 3 turns
 18289 | Swamp:4  | Killed a tentacled monstrosity
 18509 | Swamp:4  | Got a decaying rune of Zot
 18949 | Spider:1 | Entered Level 1 of the Spider Nest
 18981 | Spider:1 | Offered knowledge of Freezing Cloud by Vehumet.
 19410 | Spider:2 | Reached skill level 10 in Dodging
 19427 | Spider:2 | Found a frozen archway.
 19447 | IceCv    | Entered an ice cave
 19560 | IceCv    | Reached skill level 10 in Fighting
 19927 | IceCv    | Identified the ring of Ascent {+Blink MP+9 Int-3 Dex+5}
 20017 | IceCv    | Noticed a golden dragon
 20043 | IceCv    | Reached skill level 19 in Spellcasting
 20155 | IceCv    | Killed a golden dragon
 20249 | IceCv    | Identified the ring "Bier" {rElec rN+++ Str-2 Dex+6}
 20521 | Spider:2 | Mangled by a ghost moth

Illustrated notes

Levels and vault maps discovered:
D:1:      lightli_arrival_windingriver, layout_loops_ring,
          dreamdust_ecumenical_altar_angels_and_demons, serial_bayou_pond_e,
          minmay_gold_behind_fungi, minmay_heptomino_h4
D:2:      cheibrodos_greedy_goblins, layout_rooms, minmay_crystal_water,
          minmay_fractal_squares_5, uniq_terence
D:3:      layout_basic, uniq_sigmund, uniq_natasha
D:4:      layout_loops_ring, mainiacjoe_overflow_catwalk,
          minmay_temple_entry_large_hall, wad_floor_pattern_untrapped
D:5:      layout_basic, mainiacjoe_overflow_six_doors_small,
          mainiacjoe_overflow_chevrons, overflow_temple_1_default
D:6:      layout_rooms, mainiacjoe_overflow_boulevard,
          nicolae_tso_carved_into_rock, uniq_grinder, uniq_prince_ribbit1
D:7:      layout_basic, serial_shops, nicolae_shop_trees
D:8:      layout_basic, uniq_joseph, uniq_erica
D:9:      layout_cave_pools, nicolae_qazlal_style_of_elements,
          nicolae_sif_muna_condensation, serial_shops,
          nicolae_shop_bloodbath_and_beyond, uniq_erolcha
D:10:     layout_rooms, nicolae_ru_great_annihilating_truth,
          grunt_lair_entry_orc_guard_hut, minmay_evil_grid
Temple:   dshaligram_water_room_temple
Lair:1:   layout_long_grid, serial_bayou_lagoon_b, serial_bayou_shore_b,
          grunt_megastairs_2, uniq_grum
Lair:2:   regret_index_combs_of_tragedy, layout_chaotic_city,
          hellmonk_spider_entry_life_and_decay, minivault_19
Lair:3:   layout_long_grid, skrybe_swamp_entry_bodies, uniq_josephine
Lair:4:   layout_hall_layers, slime_entry_1, serial_bayou, serial_bayou_lake_a,
          serial_bayou_pond_d, serial_bayou_pond_d, serial_bayou_pond_b,
          grunt_megastairs_5
Lair:5:   due_jungle_book, layout_small_grid, nicolae_lair_lakeside_cave
Swamp:1:  layout_basic_swamp, hangedman_swamp_blocks, swamp_pool2
Swamp:2:  layout_falls_marsh, hangedman_swamp_lotus, uniq_kirke
Swamp:3:  layout_basic_swamp, evilmike_swamp_ruin_house_4,
          infiniplex_staircase_pool, uniq_bai_suzhen
Swamp:4:  nzn_swamp_witches_coven, layout_basic_swamp,
          gammafunk_ghost_berserking_beasts, swamp_pool2
Spider:1: lemuel_spider_zombies, uniq_aizul
Spider:2: layout_cave_pods, portal_ice_cave_entry_frozen_things

Skill      XL: |  1  2  3  4  5  6  7  8  9 10 11 12 13 14 15 16 |
---------------+-------------------------------------------------+-----
Spellcasting   | 4 5 6 7 9 11 12 13 14 15 16 17 18 19 | 19.1
Conjurations   | 5 6 7 8 10 11 12 13 14 15 16 | 16.5
Hexes          | 4 |  4.1
Ice Magic      | 3 5 6 8 9 11 12 | 12.2
Earth Magic    | 3 4 6 8 9 |  9.5
Shields        | 1 4 6 8 |  8.5
Fighting       | 3 4 5 7 8 9 10 | 10.1
Armour         | 5 |  5.2
Dodging        | 6 8 10 | 10.5
Stealth        | |  2.4

Action                     |  1- 3 |  4- 6 |  7- 9 | 10-12 | 13-15 | 16-18 || total
---------------------------+-------+-------+-------+-------+-------+-------++-------
  Melee: Dagger            |     4 |       |       |       |       |       ||     4
         Short sword       |    17 |       |     5 |       |       |       ||    22
         Staff             |       |       |     1 |    11 |     2 |     3 ||    17
   Cast: Magic Dart        |    86 |    63 |    54 |     3 |       |       ||   206
         Searing Ray       |     3 |    10 |    21 |     2 |       |     1 ||    37
         Fulminant Prism   |       |     4 |    36 |   123 |   225 |    84 ||   472
         Hailstorm         |       |       |    19 |    48 |   159 |    40 ||   266
         Iskenderun's Myst |       |       |     8 |    61 |   150 |    61 ||   280
         Lee's Rapid Decon |       |       |       |       |    12 |    34 ||    46
         Ozocubu's Refrige |       |       |       |       |     7 |    36 ||    43
         Airstrike         |       |       |       |       |     1 |     1 ||     2
         Stone Arrow       |       |       |       |       |    14 |    11 ||    25
         Blink             |       |       |       |       |       |     1 ||     1
  Evoke: Wand              |       |       |     1 |       |       |     3 ||     4
    Use: Scroll            |       |       |     8 |     9 |     6 |     3 ||    26
         Potion            |       |       |       |     7 |     3 |     2 ||    12
   Stab: Sleeping          |     1 |       |       |       |       |       ||     1
 Armour: Robe              |     8 |     1 |     4 |    12 |       |       ||    25
         Leather armour    |       |       |       |       |    35 |    13 ||    48
  Dodge: Dodged            |    27 |    10 |    35 |    30 |    36 |    32 ||   170
  Block: Buckler           |       |       |     1 |    17 |    22 |    24 ||    64

Table legend: (Time is in decaauts)
 A = Elapsed time spent in this place.
 B = Non-inter-level travel time spent in this place.
 C = Inter-level travel time spent in this place.
 D = Time resting spent in this place.
 E = Time spent auto-exploring this place.
 F = Levels seen in this place.
 G = Mean time per level.
                   A        B        C        D        E       F      G
               +--------+--------+--------+--------+--------+-----+--------+
         Total |  20564 |  19648 |    916 |   4344 |   9980 |  23 |  894.1 |
       Dungeon |   8331 |   7916 |    415 |   1546 |   4732 |  10 |  833.1 |
        Temple |     92 |     92 |      0 |      0 |     60 |   1 |   92.0 |
          Lair |   6253 |   5943 |    310 |   1114 |   3198 |   5 | 1250.6 |
         Swamp |   4405 |   4215 |    190 |   1205 |   1691 |   4 | 1101.2 |
   Spider Nest |    600 |    600 |      0 |    146 |    130 |   2 |  300.0 |
      Ice Cave |    881 |    881 |      0 |    333 |    169 |   1 |  881.0 |
               +--------+--------+--------+--------+--------+-----+--------+

Top non-repeatable levels by time:
 Swamp:4: 1810 daAuts
  Lair:5: 1690 daAuts
  Lair:3: 1436 daAuts
  Lair:2: 1282 daAuts
     D:1: 1157 daAuts
     D:8: 1097 daAuts
 Swamp:3: 1080 daAuts
     D:5: 1065 daAuts
  Lair:4: 1021 daAuts
     D:4: 914 daAuts
   IceCv: 881 daAuts
 Swamp:1: 853 daAuts
     D:6: 848 daAuts
  Lair:1: 823 daAuts
     D:7: 770 daAuts
